 Dungeon Crawl Stone Soup version 0.22-a0-567-gff9aefc (webtiles) character file.

40831 inc the Thaumaturge (level 14, -5/101 HPs)
             Began as an Octopode Fire Elementalist on June 29, 2018.
             Was an Initiate of Gozag.
             Slain by a six-headed hydra (11 damage)
             ... on level 1 of the Lair of Beasts.
             The game lasted 01:21:47 (26798 turns).

inc the Thaumaturge (Octopode Fire Elementalist)   Turns: 26798, Time: 01:21:47

Health: -5/101     AC:  1    Str: 13    XL:     14   Next: 12%
Magic:  29/38      EV: 16    Int: 23    God:    Gozag
Gold:   2832       SH: 12    Dex: 13    Spells: 18/36 levels left

rFire    + . .     SeeInvis .   O - +4 quick blade (pierce)
rCold    + + +     Gourm    .   y - +3 buckler of Tulips {*Drain rC+++ MR+}
rNeg     + . .     Faith    .   (helmet restricted)
rPois    .         Spirit   .   (no amulet)
rElec    .         Reflect  .   r - ring of resist corrosion
rCorr    +         Harm     .   s - ring of magical power
MR       ++++.     Clarity  +   w - ring of protection from magic
Stlth    +++.......             F - ring of protection from magic
HPRegen  0.26/turn              U - +4 ring of slaying
MPRegen  0.26/turn              L - ring "Micvug" {rF+ rC+}
                                n - +5 ring of strength
                                V - ring of positive energy

@: swift, very slightly contaminated, very quick
A: almost no armour, stealthy swim, amphibious, 8 rings, constrict 8, tentacle
spike 1, large bone plates 1, camouflage 1, clarity, clever 1, gelatinous body 1
a: Potion Petition, Call Merchant, Bribe Branch, Renounce Religion


You were on level 1 of the Lair of Beasts.
You worshipped Gozag.
Gozag was most pleased with you.
You were completely stuffed.

You visited 4 branches of the dungeon, and saw 19 of its levels.
You also visited: Ice Cave and Volcano.

You collected 3198 gold pieces.
You spent 237 gold pieces at shops.
You paid 129 gold pieces to Gozag.

Inventory:

Hand Weapons
 i - a +0 whip
 l - a -1 short sword
 m - a +0 short sword
 x - a +4 short sword
 z - the +3 morningstar of Wennoyke {vamp, Stlth+}
   (You took it off a wight on level 6 of the Dungeon)

   It inflicts no extra harm, but heals its wielder when it wounds a living foe.
   It makes you more stealthy.
 O - a +4 quick blade of piercing (weapon)
 Q - a +4 executioner's axe of freezing
 R - a +0 vampiric demon trident
Armour
 y - the +3 buckler of Tulips (worn) {*Drain rC+++ MR+}
   (You bought it in a shop on level 5 of the Dungeon)

   It renders you almost immune to cold.
   It affects your resistance to hostile enchantments.
   It causes draining when unequipped.
 B - a +0 hat
Jewellery
 k - an uncursed ring of protection from cold
 n - a +5 ring of strength (on tentacle)
 r - a ring of resist corrosion (left tentacle)
 s - a ring of magical power (right tentacle)
 w - a ring of protection from magic (on tentacle)
 F - a ring of protection from magic (on tentacle)
 K - an uncursed ring of ice
 L - the ring "Micvug" (on tentacle) {rF+ rC+}
   (You found it on level 4 of the Lair of Beasts)

   [ring of protection from cold]

   It protects you from fire.
   It protects you from cold.
 M - a +3 ring of strength
 U - a +4 ring of slaying (on tentacle)
 V - a ring of positive energy (on tentacle)
Wands
 f - a wand of paralysis (45)
 p - a wand of polymorph (6)
 C - a wand of disintegration (18)
Scrolls
 b - 9 scrolls of remove curse
 d - 3 scrolls of magic mapping
 h - 4 scrolls of immolation
 j - 8 scrolls of teleportation
 t - 6 scrolls of amnesia
 v - 3 scrolls of fog
 D - a scroll of random uselessness
 N - a scroll of enchant armour
 P - 2 scrolls of identify
 S - a scroll of vulnerability
 T - a scroll of enchant weapon
Potions
 a - 2 potions of flight
 e - 2 potions of mutation
 q - 2 potions of cancellation
 u - 2 potions of berserk rage {unknown}
 A - 5 potions of curing
 E - 2 potions of degeneration
 G - 7 potions of lignification
 H - a potion of resistance {unknown}
 I - 5 potions of agility
 J - 2 potions of magic
Comestibles
 c - 12 rations


   Skills:
 - Level 11.0 Fighting
 - Level 8.0 Short Blades
 - Level 6.6 Dodging
 - Level 2.6 Stealth
 - Level 5.9 Shields
 - Level 11.6 Spellcasting
 - Level 9.5 Conjurations
 + Level 0.8 Charms
 - Level 9.5 Fire Magic
 + Level 0.8 Air Magic


You had 18 spell levels left.
You knew the following spells:

 Your Spells              Type           Power        Failure   Level  Hunger
a - Flame Tongue          Conj/Fire      #####        1%          1    None
b - Conjure Flame         Conj/Fire      ######..     1%          3    None
c - Sticky Flame          Conj/Fire      ######..     1%          4    None
d - Inner Flame           Hex/Fire       #####...     1%          3    None
e - Swiftness             Chrm/Air       ###.....     4%          2    None
f - Fireball              Conj/Fire      ######....   2%          5    ####...

Your spell library contained the following spells:

 Spells                   Type           Power        Failure   Level  Hunger
 Apportation              Tloc           ##....       4%          1    None
 Lightning Bolt           Conj/Air       #####.....   16%         5    ####...
 Throw Flame              Conj/Fire      ######       1%          2    None
 Summon Small Mammal      Summ           ##..         4%          1    None
 Animate Skeleton         Necr           N/A          4%          1    None
 Shock                    Conj/Air       ####         1%          1    None
 Spider Form              Tmut/Pois      ##........   14%         3    None
 Blade Hands              Tmut           ##........   80%         5    ####...
 Ice Form                 Ice/Tmut       ##......     43%         4    None
 Airstrike                Air            ###.......   32%         4    None
 Shadow Creatures         Summ           N/A          100%        6    #####..
 Confusing Touch          Hex            ##....       4%          1    None
 Sticks to Snakes         Tmut           ##......     8%          2    None
 Ensorcelled Hibernation  Hex/Ice        ##....       8%          2    None
 Silence                  Hex/Air        ###.......   73%         5    ####...
 Static Discharge         Conj/Air       #####...     1%          3    None
 Darkness                 Hex            ##........   100%        6    #####..
 Beastly Appendage        Tmut           ##....       4%          1    None
 Borgnjor's Vile Clutch   Necr/Erth      ##........   80%         5    ####...


Dungeon Overview and Level Annotations

Branches:
Dungeon (11/15)            Temple (1/1) D:6            Lair (6/6) D:8
 Shoals (0/4) Lair:4       Spider (0/4) Lair:4        Slime (0/5) Lair:6
    Orc (1/2) D:10

Altars:
Ashenzari
Cheibriados
Dithmenos
Elyvilon
Fedhas
Gozag
Hepliaklqana
Kikubaaqudgha
Makhleb
Nemelex Xobeh
Okawaru
Qazlal
Ru
Sif Muna
Trog
Uskayaw
Vehumet
Wu Jian
Xom
Yredelemnul
Zin
The Shining One

Shops:
D:5 [   D:9 *

Annotations:
D:2 1 runed door
D:3 3 runed doors, iamserjio's ghost, weakling GrFi
D:7 Sigmund
D:11 Snorg


Innate Abilities, Weirdness & Mutations

You cannot wear most types of armour.
You are very stealthy in the water. (Stealth+)
You are amphibious.
You can wear up to eight rings at the same time.
You can use your tentacles to constrict eight enemies at once.
Your skin changes colour to match your surroundings (Stealth+).
Your rubbery body absorbs attacks. (AC +1, EV +1)
One of your tentacles bears a spike.
You are partially covered in large bone plates. (SH +4)
You possess an exceptional clarity of mind.
Your mind is acute. (Int +2)


Message History

Okay, then.
Okay, then.
Casting: Swiftness (safe; 4% risk of failure)
Confirm with . or Enter, or press ? or * to list all spells.
Aiming: Flame Tongue (safe; 1% risk of failure)
Press: ? - help, Shift-Dir - straight line, f - six-headed hydra
Aim: a six-headed hydra
Okay, then.
Casting: Flame Tongue (safe; 1% risk of failure)
Confirm with . or Enter, or press ? or * to list all spells.
You feel quick. The six-headed hydra bites you!
* * * LOW HITPOINT WARNING * * *
You block the six-headed hydra's attack.
The six-headed hydra bites you!
* * * LOW HITPOINT WARNING * * *
The six-headed hydra barely misses you.
The six-headed hydra closely misses you.
The six-headed hydra bites you!
You die...
Your body crumbles into a pile of gold.

.)................#
.................##
.....#...........#
._...#...........#
....#.#..........#
.....##......>...#
.#...#...........#
.##..##..........#
...............D@#
.###.##..........##
..##.##...........#
.###.###.........##
###...............#
......(...........#
.................##
.................##
###..........>....#


You could see a six-headed hydra.

Vanquished Creatures
  Kirke (Lair:5)
  An orc warlord (Orc:1)
  A reaper (IceCv)
  Fannar (D:10)
  2 hydras
  2 two-headed ogres
  2 centaur warriors (D:10)
  A fire crab (Volcano)
  An orc sorcerer (Orc:1)
  2 ice statues (IceCv)
  8 black mambas
  2 merfolk sirens (Lair:4)
  8 spiny frogs
  3 rime drakes (Lair:4)
  4 komodo dragons
  6 ice devils (IceCv)
  3 trolls
  A polar bear (Lair:5)
  2 merfolk (Lair:4)
  Prince Ribbit (D:7)
  17 blink frogs
  7 hippogriffs
  3 basilisks
  A wraith (D:11)
  22 yaks
  5 hogs (Lair:6)
  Eustachio (D:5)
  A wyvern (Lair:4)
  5 fire bats (Volcano)
  Grum (D:10)
  A warg (Orc:1)
  Edmund (D:7)
  3 hell hounds
  11 water moccasins
  7 porcupines
  10 ice beasts
  6 orc warriors
  2 sky beasts
  7 ogres
  2 phantoms
  14 wolves
  4 centaurs
  6 crocodiles
  A big kobold (D:3)
  20 bullfrogs
  2 gnoll sergeants (D:10)
  2 scorpions
  9 killer bees
  4 wights (D:6)
  A howler monkey (D:5)
  4 jellies
  4 crimson imps
  4 centaur zombies
  5 orc priests
  2 bullfrog skeletons
  3 centaur skeletons
  6 hounds
  3 iguanas (D:9)
  13 orc wizards
  11 worker ants
  A hound skeleton (D:9)
  2 worker ant zombies
  Robin (D:3)
  6 gnolls
  14 adders
  10 white imps (IceCv)
  3 ufetubi (IceCv)
  2 oozes
  3 adder skeletons
  2 worms
  A dart slug (D:1)
  9 leopard geckos
  59 orcs
  3 ball pythons
  A bat zombie (D:7)
  12 giant cockroaches
  17 goblins
  13 hobgoblins
  17 jackals
  11 kobolds
  5 quokkas
  4 bats
  5 frilled lizards
  A leopard gecko skeleton (D:4)
  A quokka skeleton (D:4)
  4 rats (D:1)
  4 rat zombies (D:7)
494 creatures vanquished.

Vanquished Creatures (others)
  5 white imps (IceCv)
  4 ufetubi (IceCv)
  6 fungi
  11 plants
26 creatures vanquished.

Grand Total: 520 creatures vanquished

Notes
Turn   | Place    | Note
-------+----------+-------------------------------------------
     0 | D:1      | inc the Octopode Fire Elementalist began the quest for the Orb.
     0 | D:1      | Reached XP level 1. HP: 11/11 MP: 3/3
   159 | D:1      | Reached XP level 2. HP: 12/17 MP: 5/5
   526 | D:2      | You fall through a shaft!
   535 | D:3      | Reached XP level 3. HP: 15/21 MP: 0/6
   779 | D:3      | Noticed a big kobold
   854 | D:4      | Learned a level 3 spell: Conjure Flame
  1091 | D:4      | Reached XP level 4. HP: 22/27 MP: 2/8
  1325 | D:4      | Noticed a two-headed ogre
  1549 | D:4      | Reached XP level 5. HP: 26/31 MP: 4/11
  1940 | D:4      | Noticed an ogre
  2609 | D:3      | Reached XP level 6. HP: 36/36 MP: 8/12
  2844 | D:2      | Found a runed door.
  4627 | D:3      | Found a blossoming altar of Fedhas.
  4732 | D:3      | Noticed Robin
  4767 | D:3      | Gained mutation: One of your tentacles bears a spike. [potion of mutation]
  4767 | D:3      | Gained mutation: You possess an exceptional clarity of mind. [potion of mutation]
  4767 | D:3      | Gained mutation: You are partially covered in large bone plates. (SH +4) [potion of mutation]
  4767 | D:3      | Gained mutation: Your mind is acute. (Int +2) [potion of mutation]
  4772 | D:3      | Killed Robin
  4873 | D:3      | Reached XP level 7. HP: 33/41 MP: 11/13
  4933 | D:3      | Found a runed gate.
  4933 | D:3      | Found a runed gate.
  4935 | D:3      | Found a runed gate.
  4936 | D:3      | Noticed iamserjio's ghost (weakling GrFi)
  5093 | D:5      | Entered Level 5 of the Dungeon
  5106 | D:5      | Learned a level 4 spell: Sticky Flame
  5113 | D:5      | Noticed Eustachio
  5119 | D:5      | Killed Eustachio
  5123 | D:5      | Reached skill level 5 in Fire Magic
  5322 | D:5      | Reached skill level 5 in Conjurations
  5414 | D:5      | Learned a level 3 spell: Inner Flame
  5843 | D:5      | Reached XP level 8. HP: 18/46 MP: 2/14
  6081 | D:5      | Found Usuij's Antique Armour Shoppe.
  6690 | D:6      | Found a staircase to the Ecumenical Temple.
  6807 | D:6      | Reached skill level 1 in Fighting
  6996 | D:7      | Noticed a hippogriff
  7516 | D:5      | Bought a transparent buckler for 237 gold pieces
  7521 | D:5      | Identified the +3 buckler of Tulips {*Drain rC+++ MR+} (You bought it in a shop on level 5 of the Dungeon)
  7631 | D:7      | Reached XP level 9. HP: 59/59 MP: 15/15
  7635 | D:7      | Reached skill level 1 in Shields
  7753 | D:7      | Noticed Prince Ribbit
  7825 | Temple   | Entered the Ecumenical Temple
  7933 | Temple   | Became a worshipper of Elyvilon the Healer
  7983 | D:7      | Found an ancient bone altar of Kikubaaqudgha.
  8102 | D:6      | Noticed a two-headed ogre
  8110 | D:6      | Killed a two-headed ogre
  8110 | D:6      | Reached skill level 5 in Shields
  8256 | D:6      | Got a scorched morningstar {vamp}
  8263 | D:6      | Reached skill level 5 in Fighting
  8638 | D:6      | Found an ancient bone altar of Kikubaaqudgha.
  8940 | D:7      | Reached XP level 10. HP: 63/71 MP: 16/16
  8951 | D:7      | Killed Prince Ribbit
  9543 | D:7      | Found a bloodstained altar of Trog.
  9611 | D:7      | Found a sparkling altar of Nemelex Xobeh.
  9691 | D:7      | Noticed Edmund
  9718 | D:7      | Killed Edmund
  9855 | D:7      | Noticed Sigmund
 10035 | D:8      | Found a shattered altar of Ashenzari.
 10175 | D:8      | Reached * piety under Elyvilon
 10508 | D:8      | Reached skill level 5 in Dodging
 10631 | D:8      | Found a staircase to the Lair.
 10730 | D:8      | Found an opulent altar of Gozag.
 10740 | D:8      | Found a shimmering altar of Xom.
 10740 | D:8      | Found a basalt altar of Yredelemnul.
 10744 | D:8      | Found a sacrificial altar of Ru.
 10759 | D:8      | Fell from the grace of Elyvilon
 10759 | D:8      | Became a worshipper of Gozag Ym Sagoz the Greedy
 10941 | D:8      | Found a deep blue altar of Sif Muna.
 10941 | D:8      | Found a stormy altar of Qazlal.
 10946 | D:8      | Found a snail-covered altar of Cheibriados.
 10948 | D:8      | Found a glowing silver altar of Zin.
 10950 | D:8      | Found a faded altar of an unknown god.
 11191 | D:9      | Identified the +3 morningstar of Wennoyke {vamp, Stlth+} (You took it off a wight on level 6 of the Dungeon)
 11247 | D:9      | Found Gozag's Platinum Reserve.
 11251 | D:9      | Found an opulent altar of Gozag.
 11309 | D:9      | Reached skill level 5 in Spellcasting
 11700 | D:9      | Reached XP level 11. HP: 62/77 MP: 8/21
 12463 | D:10     | Entered Level 10 of the Dungeon
 12476 | D:10     | Noticed a centaur warrior
 12561 | Lair:1   | Entered Level 1 of the Lair of Beasts
 12561 | Lair:1   | Found a snail-covered altar of Cheibriados.
 12836 | Lair:1   | Noticed a four-headed hydra
 13018 | Lair:1   | Noticed a six-headed hydra
 13312 | Lair:1   | Killed a four-headed hydra
 13769 | D:10     | Noticed Fannar
 14026 | D:10     | Noticed a centaur warrior
 14039 | D:10     | Killed a centaur warrior
 14039 | D:10     | Reached skill level 10 in Spellcasting
 14255 | D:10     | Killed Fannar
 14310 | D:10     | Noticed Snorg
 14322 | D:10     | HP: 1/77 [Snorg (3)]
 14938 | D:10     | Noticed Grum
 14951 | D:10     | Killed Grum
 14998 | D:10     | Reached XP level 12. HP: 74/82 MP: 26/27
 15104 | D:10     | Killed a centaur warrior
 15395 | D:10     | Found a staircase to the Orcish Mines.
 16143 | D:11     | Noticed a two-headed ogre
 16169 | D:11     | Killed a two-headed ogre
 16352 | D:11     | Noticed a four-headed hydra
 16358 | D:11     | Killed a four-headed hydra
 16618 | Orc:1    | Entered Level 1 of the Orcish Mines
 16626 | Orc:1    | Noticed an orc warlord
 16639 | Orc:1    | Killed an orc warlord
 17117 | Lair:1   | Learned a level 5 spell: Fireball
 17120 | Lair:1   | Learned a level 2 spell: Swiftness
 18359 | Lair:3   | Found a frozen archway.
 18549 | IceCv    | Entered an ice cave
 19186 | IceCv    | Reached XP level 13. HP: 88/88 MP: 28/28
 19359 | IceCv    | Noticed a reaper
 19668 | IceCv    | Killed a reaper
 20212 | Lair:3   | Reached skill level 1 in Short Blades
 21460 | Lair:4   | Reached skill level 5 in Short Blades
 21754 | Lair:4   | Found a hole to the Spider Nest.
 21823 | Lair:4   | Got a smoking bronze ring
 22017 | Lair:4   | Found a staircase to the Shoals.
 24501 | Lair:5   | Identified the ring "Micvug" {rF+ rC+} (You found it on level 4 of the Lair of Beasts)
 24923 | Lair:6   | Entered Level 6 of the Lair of Beasts
 25218 | Lair:6   | Found a dark tunnel.
 25224 | Volcano  | Entered a volcano
 25265 | Volcano  | HP: 3/92 [fire bat (3)]
 25274 | Volcano  | Reached skill level 10 in Fighting
 25791 | Lair:6   | Noticed Kirke
 25801 | Lair:5   | Reached XP level 14. HP: 37/99 MP: 12/29
 26113 | Lair:5   | Killed Kirke
 26798 | Lair:1   | Slain by a six-headed hydra

Vault maps used:
D:1:      kennysheep_arrival_forest
D:2:      first_ration, minivault_14, amethyst_killhole, uniq_crazy_yiuf_cottage
D:3:      fedhas_altar_1, ebering_ghost_rock_garden, uniq_robin
D:4:      kennysheep_six_static_rooms, portal_sewer_entry_f
D:5:      serial_shops, shop, minivault_1, uniq_eustachio
D:6:      cheibrodos_barr_body, minmay_temple_entry_from_below_b,
          minmay_ruined_shrine
D:7:      lemuel_zombie_altar_kikubaaqudgha, bloody_trog,
          nemelex_xobeh_ov_fountains_minmay, sigmund_edmund_badplayer,
          uniq_prince_ribbit1
D:8:      chequers_temple_overflow_minitemple, minitemple,
          evilmike_ruin_ashenzari, david_lair_shrubbed
D:9:      nicolae_gozag_zags_fifth_avenue
D:10:     kennysheep_orc_monster_closet_entryway, uniq_fannar, uniq_snorg,
          uniq_grum
D:11:     kennysheep_ambush_hall
Temple:   compressed_dpeg_triangle_lava_temple
Lair:1:   basic_altar
Lair:3:   portal_ice_cave_entry_ice_beasts
Lair:4:   elwin_shoals_entry_stream, dummy_spider_entry
Lair:5:   beast_lair_carwin_large_2
Lair:6:   minmay_lair_end_enchanted_forest, dpeg_slime_entry_corner,
          ebering_ghost_inner_flame, enter_volcano_3, uniq_kirke
Orc:1:    serial_shops, shop_fountains, ebering_ghost_xom, minmay_orc_barracks
IceCv:    ice_cave_small_demon
Volcano:  volcano_pools

Skill      XL: |  1  2  3  4  5  6  7  8  9 10 11 12 13 14 |
---------------+-------------------------------------------+-----
Conjurations   | 2 3 4 5 6 9 |  9.5
Spellcasting   | 3 4 6 11 | 11.6
Fire Magic     | 4 5 6 9 |  9.5
Fighting       | 4 7 8 10 11 | 11.0
Shields        | 5 |  5.9
Dodging        | 6 |  6.6
Short Blades   | 8 |  8.0
Stealth        | |  2.6
Charms         | |  0.8
Air Magic      | |  0.8

Action                   |  1- 3 |  4- 6 |  7- 9 | 10-12 | 13-15 || total
-------------------------+-------+-------+-------+-------+-------++-------
Melee: Unarmed           |    33 |       |       |       |       ||    33
       Constrict         |     9 |    21 |    16 |     4 |    28 ||    78
       Tentacles         |     8 |    16 |     8 |     4 |    31 ||    67
       Whip              |       |    16 |       |       |       ||    16
       Short sword       |       |    51 |    48 |    10 |       ||   109
       Kick              |       |     3 |    14 |    11 |    53 ||    81
       Morningstar       |       |       |       |    37 |       ||    37
       Quick blade       |       |       |       |       |   160 ||   160
 Cast: Flame Tongue      |    22 |   130 |   190 |   575 |   132 ||  1049
       Conjure Flame     |       |     3 |    13 |    30 |     7 ||    53
       Sticky Flame      |       |       |     8 |    57 |    42 ||   107
       Inner Flame       |       |       |     6 |    13 |       ||    19
       Fireball          |       |       |       |     8 |    30 ||    38
       Swiftness         |       |       |       |       |     1 ||     1
Evoke: Wand              |       |       |       |       |     5 ||     5
  Use: Scroll            |       |     2 |       |    17 |    11 ||    30
       Potion            |       |     4 |     1 |     2 |     3 ||    10
 Stab: Sleeping          |     3 |     6 |     3 |     4 |     1 ||    17
       Distracted        |       |       |       |     1 |       ||     1
  Eat: Chunk             |       |    13 |    11 |     8 |       ||    32
       Ration            |       |       |     1 |    11 |     9 ||    21
Armor: Skin              |     2 |     5 |     9 |     5 |     3 ||    24
Dodge: Dodged            |    40 |    91 |    69 |   150 |    98 ||   448
Block: Other             |       |     5 |    13 |       |       ||    18
       Buckler           |       |       |    37 |   207 |   135 ||   379

Table legend:
 A = Spawn XP
 B = Non-spawn XP
 C = Spawn XP percentage of total XP
 D = Spawn monster count
 E = Non-spawn monster count
 F = Spawn count percentage of total count
 G = Total turns spent on level
                    A         B        C        D         E        F      G
               +---------+---------+-------+---------+---------+-------+---------
         Total |       0 |   58330 |   0.0 |       0 |     494 |   0.0 | 26798
               +---------+---------+-------+---------+---------+-------+---------
           D:1 |       0 |      58 |   0.0 |       0 |      25 |   0.0 |  1118
           D:2 |       0 |     103 |   0.0 |       0 |      24 |   0.0 |  1212
           D:3 |       0 |     198 |   0.0 |       0 |      33 |   0.0 |   954
           D:4 |       0 |     273 |   0.0 |       0 |      30 |   0.0 |  1809
           D:5 |       0 |     849 |   0.0 |       0 |      22 |   0.0 |  1477
           D:6 |       0 |    2727 |   0.0 |       0 |      49 |   0.0 |  1984
           D:7 |       0 |    1645 |   0.0 |       0 |      31 |   0.0 |  1333
           D:8 |       0 |    1706 |   0.0 |       0 |      24 |   0.0 |  1233
           D:9 |       0 |    3359 |   0.0 |       0 |      29 |   0.0 |  1801
          D:10 |       0 |    5427 |   0.0 |       0 |      40 |   0.0 |  2089
          D:11 |       0 |    2716 |   0.0 |       0 |      15 |   0.0 |   618
        Lair:1 |       0 |    4148 |   0.0 |       0 |      15 |   0.0 |  1373
        Lair:2 |       0 |    1578 |   0.0 |       0 |       5 |   0.0 |  1072
        Lair:3 |       0 |    6572 |   0.0 |       0 |      38 |   0.0 |  1680
        Lair:4 |       0 |    7585 |   0.0 |       0 |      30 |   0.0 |  2106
        Lair:5 |       0 |    6854 |   0.0 |       0 |      18 |   0.0 |  2534
        Lair:6 |       0 |    3615 |   0.0 |       0 |      17 |   0.0 |   192
         Orc:1 |       0 |    2918 |   0.0 |       0 |      20 |   0.0 |    39
         IceCv |       0 |    4070 |   0.0 |       0 |      22 |   0.0 |  1540
       Volcano |       0 |    1929 |   0.0 |       0 |       7 |   0.0 |   506
               +---------+---------+-------+---------+---------+-------+---------
